 Dungeon Crawl Stone Soup version 0.24.0-123-gd5b16e6ec5 (webtiles) character file.

Game seed: 14752003747292213881, levelgen mode: deterministic

54 FishyPogo the Gusty (level 3, -2/29 HPs)
             Began as a Draconian Air Elementalist on Jan 2, 2020.
             Slain by a phantom (10 damage)
             ... on level 2 of the Dungeon.
             The game lasted 00:03:51 (1593 turns).

FishyPogo the Gusty (Draconian Air Elementalist)    Turns: 1593, Time: 00:03:52

Health: -2/29      AC:  5    Str: 10    XL:     3   Next: 66%
Magic:  0/6        EV: 12    Int: 15    God:
Gold:   91         SH:  0    Dex: 12    Spells: 5/6 levels left

rFire    . . .     SeeInvis .   f - +1 mace (holy)
rCold    + . .     Gourm    .   (no shield)
rNeg     . . .     Faith    .   (armour unavailable)
rPois    .         Spirit   .   (helmet restricted)
rElec    .         Reflect  .   (no cloak)
rCorr    .         Harm     .   (no gloves)
MR       .....                  (no boots)
Stlth    ++........             (no amulet)
HPRegen  0.09/turn              g - ring of protection from cold
MPRegen  0.10/turn              (no ring)

@: no status effects
A: unfitting armour, cold-blooded, AC +5
a: no special abilities


You were on level 2 of the Dungeon.
You were not hungry.

You visited 1 branch of the dungeon, and saw 2 of its levels.

You collected 91 gold pieces.

Inventory:

Hand Weapons
 f - a +1 mace of holy wrath (weapon)
 m - a +2 hand axe of venom
 s - a +0 mace of crushing
Missiles
 a - 118 stones (quivered)
 r - 2 boomerangs
Jewellery
 g - a ring of protection from cold (left hand)
Scrolls
 c - a scroll of enchant armour {unknown}
 d - 2 scrolls of remove curse {unknown}
 i - 5 scrolls of identify {unknown}
 k - a scroll of blinking {unknown}
 n - a scroll of teleportation {unknown}
 o - 3 scrolls of immolation {unknown}
Potions
 e - a potion of heal wounds {unknown}
 h - a potion of lignification {unknown}
 l - a potion of mutation {unknown}
 p - a potion of cancellation {unknown}
 q - a potion of brilliance {unknown}
Comestibles
 b - 2 rations
 j - 4 chunks of flesh


   Skills:
 * Level 2.0 Fighting
 + Level 2.2 Dodging
 - Level 2.0 Stealth
 + Level 2.3 Spellcasting
 + Level 1.5 Conjurations
 + Level 3.2 Air Magic


You had 5 spell levels left.
You knew the following spells:

 Your Spells              Type           Power        Failure   Level  Hunger
a - Shock                 Conj/Air       #...         9%          1    #......

Your spell library contained the following spells:

 Spells                   Type           Power        Failure   Level  Hunger
 Swiftness                Chrm/Air       #.......     17%         2    ###....
 Static Discharge         Conj/Air       #.......     24%         3    ###....
 Airstrike                Air            ##........   50%         4    #####..
 Lightning Bolt           Conj/Air       #.........   92%         5    ######.


Dungeon Overview and Level Annotations

Branches:
Dungeon (2/15)

Altars:


Innate Abilities, Weirdness & Mutations

Your plain brown scales are hard. (AC +5)
You cannot fit into any form of body armour.
You are cold-blooded and may be slowed by cold attacks.


Message History

Casting: Shock (safe; 9% risk of failure)
Confirm with . or Enter, or press ? or * to list all spells.
Aiming: Shock (safe; 9% risk of failure)
Press: ? - help, Shift-Dir - straight line The zap hits the phantom.
The phantom is severely damaged.
The zap misses the phantom.
Casting: Shock (safe; 9% risk of failure)
Confirm with . or Enter, or press ? or * to list all spells.
Aiming: Shock (safe; 9% risk of failure)
Press: ? - help, Shift-Dir - straight line The zap hits the phantom.
The phantom is almost destroyed.
The zap hits the phantom.
The phantom is almost destroyed.
The phantom completely misses you.
You miss the phantom.
Your tail-slap misses the phantom.
The phantom is almost destroyed.
The phantom hits you!
You die...

# #.# ####.##### # ##.## #.#
######### # ##...##
#.####.......#
####.....####......$...#.#
...............###.......###
..#.......####.#.........[..
........#.# #.#.#........##
###..#..#.# #..W....###.##
###..##.#.# #..@...†# #
..........# #..###..###.#
######...## #.#.........# ##
#...# #.#..#.##.### .# #..÷#
#.#.##.# .# .# #...#
#.†....# . .#........
###......... ...........
...##...... .#..........
##.# ...K


You could see a phantom.

Vanquished Creatures
  An adder (D:2)
  A worm (D:2)
  2 dart slugs (D:1)
  A leopard gecko (D:2)
  A ball python (D:1)
  A giant cockroach (D:2)
  3 goblins
  6 hobgoblins
  2 bats
  2 frilled lizards
  6 kobolds (D:1)
  11 rats
37 creatures vanquished.

Notes
Turn   | Place    | Note
-------+----------+-------------------------------------------
     0 | D:1      | FishyPogo the Draconian Air Elementalist began the quest
                  | for the Orb.
     0 | D:1      | Reached XP level 1. HP: 14/14 MP: 3/3
   180 | D:1      | Reached XP level 2. HP: 21/22 MP: 1/5
   205 | D:1      | Reached skill level 1 in Fighting
  1064 | D:1      | Reached XP level 3. HP: 28/28 MP: 3/6
  1546 | D:2      | Noticed a phantom
  1593 | D:2      | Slain by a phantom

Levels and vault maps discovered:
D:1:      minmay_arrival_shattered_statue, layout_basic
D:2:      layout_loops_cross

Skill      XL: |  1  2  3 |
---------------+----------+-----
Fighting       | 1 2 |  2.0
Stealth        | 2 |  2.0
Dodging        | 2 |  2.2
Spellcasting   | |  2.3
Conjurations   | |  1.5
Air Magic      | |  3.2

Action                   || total
-------------------------++-------
Melee: Unarmed           ||     9
       Tailslap          ||     4
       Mace              ||    44
 Cast: Shock             ||    61
 Stab: Sleeping          ||     2
  Eat: Chunk             ||     3
Armor: Skin              ||    16
Dodge: Dodged            ||    41
